[Event "42nd Olympiad Baku 2016 Open"]
[Site "Baku"]
[Date "2016.09.08"]
[Round "6.7"]
[White "Liu, Yeh Yang"]
[Black "Winter Atwell, Adrian"]
[Result "0-1"]
[ECO "C45"]
[WhiteElo "2009"]
[BlackElo "2158"]
[Annotator ""]
[PlyCount "96"]
[EventDate "2016.??.??"]
[EventCountry "AZE"]
[SourceTitle "playchess.com"]
[Source "ChessBase"]
[WhiteTeam "Taiwan"]
[BlackTeam "TTO"]
[WhiteTeamCountry "TPE"]
[TimeControl "40/5400+30:1800+30"]

1. e4 {(00:00} e5 {(00:00} 2. Nf3 {(00:00} Nc6 {
(00:00} 3. d4 {(00:00} exd4 {(00:04} 4. Nxd4 {(
00:00} Nf6 {(00:17} 5. Nxc6 {(00:00} bxc6 {(00:09} 6.
e5 {(00:00} Qe7 {(00:12} 7. Qe2 {(00:00} Nd5 {(
00:34} 8. c4 {(00:00} Nb6 {(00:17} 9. g3 {(03:29} Qe6
{(00:57} 10. b3 {(00:41} a5 {(00:34} 11. Bg2 {(
02:21} a4 {(00:51} 12. Bb2 {(01:33} Bb4+ {(03:19} 13.
Nd2 {(00:02} axb3 {(00:22} 14. axb3 {(00:02} Rxa1+ {
(02:34} 15. Bxa1 {(00:02} O-O {(04:59} 16. O-O {
(00:05} d5 {(00:33} 17. f4 {(11:19} Qf5 {(08:31]
} 18. Nf3 {(01:12} dxc4 {(00:59} 19. bxc4 {(03:23} Ba6
{(03:42} 20. Rc1 {(05:08} Rd8 {(03:23} 21. Ng5 {
(06:26} Rd2 {(14:58} 22. Qh5 {(09:39} Rxg2+ {(
13:26} 23. Kxg2 {(00:01} h6 {(00:11} 24. c5 {(20:42}
Nd5 {(01:58} 25. e6 {(00:02} hxg5 {(00:55} 26. exf7+ {
(00:02} Qxf7 {(00:24} 27. Qxg5 {(00:05} Ne3+ {(
03:54} 28. Kg1 {(05:19} Qd7 {(03:23} 29. Rb1 {(04:07}
Nf5 {(08:43} 30. h4 {(09:18} Bxc5+ {(02:57} 31. Kh2 {
(00:01} Bb6 {(03:12} 32. Be5 {(06:00} Ne3 {(01:
28} 33. Rb2 {(06:04} Nf1+ {(03:58} 34. Kg2 {(00:25}
Qd5+ {(00:20} 35. Kh3 {(00:01} Bc8+ {(00:29} 36. f5 {
(00:02} Qxe5 {(00:27} 37. Ra2 {(05:07} Bxf5+ {(
01:31} 38. Kg2 {(00:01} Ne3+ {(00:28} 39. Kh2 {(00:37}
Ng4+ {(02:06} 40. Kh3 {(00:00} Nh6+ {(00:00} 41. Kh2 {
(00:38} Qe1 {(00:33} 42. g4 {(03:24} Qg1+ {(00:
30} 43. Kh3 {(00:06} Bxg4+ {(00:20} 44. Qxg4 {(00:03}
Qxg4+ {(00:13} 45. Kh2 {(00:02} Nf5 {(01:02} 46. Ra3 {
(00:26} Ne3 {(00:57} 47. Ra2 {(00:07} Nf1+ {(00:
20} 48. Kh1 {(00:04} Qg1# {(00:09} 0-1

[Event "42nd Olympiad Baku 2016 Open"]
[Site "Baku"]
[Date "2016.09.08"]
[Round "6.28"]
[White "Lukey, Stephen G"]
[Black "Borigas, Edgardo"]
[Result "1-0"]
[ECO "D18"]
[WhiteElo "2217"]
[BlackElo "1894"]
[Annotator ""]
[PlyCount "55"]
[EventDate "2016.??.??"]
[EventCountry "AZE"]
[SourceTitle "playchess.com"]
[Source "ChessBase"]
[WhiteTeam "New Zealand"]
[BlackTeam "Hong Kong"]
[WhiteTeamCountry "NZL"]
[BlackTeamCountry "HKG"]
[TimeControl "40/5400+30:1800+30"]

1. d4 {(00:00} d5 {(00:00} 2. c4 {(00:00} c6 {(
00:00} 3. Nf3 {(00:00} Nf6 {(00:00} 4. Nc3 {(00:00}
dxc4 {(00:00} 5. a4 {(00:00} Bf5 {(00:28} 6. e3 {
(00:12} e6 {(00:21} 7. Bxc4 {(00:05} Bb4 {(00:
10} 8. O-O {(00:06} Nbd7 {(00:29} 9. Qe2 {(00:09} Bg6
{(01:00} 10. e4 {(00:11} Bxc3 {(04:55} 11. bxc3 {
(00:08} Nxe4 {(00:37} 12. Ba3 {(00:07} Qc7 {(00:
31} 13. Rfc1 {(01:05} Nb6 {(05:49} 14. Bb3 {(08:48}
O-O-O {(03:03} 15. Ne5 {(05:18} Nf6 {(13:28} 16. a5 {
(01:45} Na8 {(10:30} 17. a6 {(03:41} b5 {(05:15]
} 18. c4 {(10:29} b4 {(01:04} 19. Bb2 {(03:39} Nd7 {
(03:06} 20. d5 {(05:38} Nc5 {(05:11} 21. Bd1 {(
22:57} exd5 {(07:15} 22. cxd5 {(03:18} Rxd5 {(01:28}
23. Qg4+ {(00:28} f5 {(09:48} 24. Qxb4 {(02:11} Qb6 {
(12:04} 25. Nxc6 {(04:22} Qxc6 {(06:36} 26. Bf3 {
(00:39} Rhd8 {(04:12} 27. Rxc5 {(00:41} Qxc5 {(
00:05} 28. Qb7# 1-0

[Event "42nd Olympiad Baku 2016 Open"]
[Site "Baku"]
[Date "2016.09.08"]
[Round "6.29"]
[White "Lupulescu, Constantin"]
[Black "Durarbayli, Vasif"]
[Result "1-0"]
[ECO "B33"]
[WhiteElo "2618"]
[BlackElo "2612"]
[Annotator ""]
[PlyCount "109"]
[EventDate "2016.??.??"]
[EventCountry "AZE"]
[SourceTitle "playchess.com"]
[Source "ChessBase"]
[WhiteTeam "Romania"]
[BlackTeam "Azerbaijan"]
[WhiteTeamCountry "ROU"]
[BlackTeamCountry "AZE"]
[TimeControl "40/5400+30:1800+30"]

1. e4 {(00:00} c5 {(02:04} 2. Nf3 {(00:00} Nc6 {
(00:04} 3. d4 {(00:00} cxd4 {(00:09} 4. Nxd4 {(
00:00} Nf6 {(00:03} 5. Nc3 {(00:00} e5 {(00:03} 6.
Ndb5 {(00:41} d6 {(00:05} 7. Bg5 {(01:24} a6 {(
01:03} 8. Na3 {(00:05} b5 {(00:04} 9. Nd5 {(00:11} Be7
{(00:05} 10. Bxf6 {(00:10} Bxf6 {(00:04} 11. c4 {
(00:07} b4 {(00:24} 12. Nc2 {(00:16} O-O {(00:
25} 13. g3 {(03:43} a5 {(04:29} 14. h4 {(01:56} Be6 {
(00:23} 15. Qd2 {(01:37} Rc8 {(07:22} 16. Nce3 {
(01:21} g6 {(04:26} 17. O-O-O {(04:00} Bg7 {(03:
31} 18. h5 {(00:47} Nd4 {(11:03} 19. Kb1 {(19:53} Nf3
{(07:32} 20. Qd3 {(01:48} Rc5 {(01:28} 21. Bg2 {
(04:00} Nd4 {(01:59} 22. f4 {(00:25} exf4 {(09:
49} 23. gxf4 {(00:22} a4 {(00:48} 24. hxg6 {(15:57}
fxg6 {(00:15} 25. f5 {(00:40} Bxd5 {(03:34} 26. Nxd5 {
(02:37} Rxd5 {(01:40} 27. cxd5 {(01:38} Qf6 {(
05:19} 28. fxg6 {(13:38} Qxg6 {(02:28} 29. e5 {(13:02}
Qxd3+ {(00:05} 30. Rxd3 {(00:02} Bxe5 {(00:04} 31. Rf1
{(02:21} Ne2 {(05:03} 32. Rxf8+ {(00:31} Kxf8 {(
00:01} 33. Rd2 {(01:20} Nf4 {(00:57} 34. Be4 {(00:34}
h5 {(00:10} 35. Rc2 {(02:23} a3 {(00:15} 36. bxa3 {
(01:35} bxa3 {(00:02} 37. Kc1 {(00:17} h4 {(03:
01} 38. Kd2 {(03:13} h3 {(01:41} 39. Rc8+ {(05:16} Kg7
{(03:12} 40. Ra8 {(00:00} Nh5 {(00:00} 41. Rxa3 {
(02:51} Ng3 {(04:40} 42. Ra7+ {(02:56} Kf6 {(04:
59} 43. Bf3 {(00:43} Kg6 {(05:33} 44. a4 {(07:57} h2 {
(00:13} 45. a5 {(00:29} h1=Q {(04:44} 46. Bxh1 {
(00:11} Nxh1 {(00:01} 47. Re7 {(04:14} Bd4 {(03:
23} 48. Kd3 {(01:06} Bc5 {(00:31} 49. a6 {(00:52} Ng3
{(03:34} 50. Rc7 {(02:34} Bg1 {(01:17} 51. Rc2 {
(00:32} Kf5 {(00:06} 52. Rg2 {(00:20} Ne4 {(00:
18} 53. Rxg1 {(00:29} Nc5+ {(00:03} 54. Kc4 {(01:05}
Nxa6 {(00:04} 55. Rf1+ 1-0

[Event "42nd Olympiad Baku 2016 Open"]
[Site "Baku"]
[Date "2016.09.08"]
[Round "6.34"]
[White "Macias Murillo, Bryan"]
[Black "Pineda, Juan Jose"]
[Result "1/2-1/2"]
[ECO "B08"]
[WhiteElo "2276"]
[BlackElo "2175"]
[Annotator ""]
[PlyCount "74"]
[EventDate "2016.??.??"]
[EventCountry "AZE"]
[SourceTitle "playchess.com"]
[Source "ChessBase"]
[WhiteTeam "Ecuador"]
[BlackTeam "Nicaragua"]
[WhiteTeamCountry "ECU"]
[BlackTeamCountry "NCA"]
[TimeControl "40/5400+30:1800+30"]

1. d4 {(00:00} Nf6 {(00:00} 2. Nf3 {(00:00} g6 3. Nc3
Bg7 {(00:51} 4. e4 {(00:11} d6 {(00:22} 5. Be3 {
(01:06} c6 {(03:20} 6. Qd2 {(00:11} O-O {(08:06]
} 7. Bh6 {(02:31} Bxh6 {(03:02} 8. Qxh6 {(00:06} Ng4 {
(00:07} 9. Qd2 {(00:53} e5 {(05:54} 10. O-O-O {(
01:49} Qe7 {(05:27} 11. h3 {(03:35} Nf6 {(00:11} 12.
dxe5 {(10:15} dxe5 {(00:11} 13. Qd6 {(00:22} Qxd6 {
(07:29} 14. Rxd6 {(00:06} Nbd7 {(04:22} 15. g4 {
(12:05} Kg7 {(03:19} 16. Bg2 {(01:31} Re8 {(00:
54} 17. g5 {(19:05} Nh5 {(00:49} 18. h4 {(00:37} Nc5 {
(00:31} 19. Bh3 {(00:30} Bxh3 {(02:47} 20. Rxh3 {
(00:06} Rad8 {(00:29} 21. Rxd8 {(06:40} Rxd8 {(
00:12} 22. b4 {(05:04} Nd7 {(00:19} 23. Rh1 {(00:38}
Re8 {(00:25} 24. Kb2 {(00:40} Nf4 {(06:58} 25. Rd1 {
(00:22} Re7 {(00:13} 26. Kb3 {(01:08} h6 {(02:
53} 27. a4 {(03:10} a6 {(00:22} 28. Rd6 {(03:15} Nh3 {
(04:04} 29. b5 {(02:22} cxb5 {(06:33} 30. axb5 {
(00:51} Nxf2 {(03:09} 31. Kb4 {(02:43} axb5 {(
04:28} 32. Kxb5 {(01:27} Nf8 {(02:15} 33. Rd2 {(06:27}
Ng4 {(03:51} 34. Rg2 {(00:45} Ne3 {(05:25} 35. Re2 {
(00:22} Ng4 {(00:02} 36. Rg2 {(00:31} Ne3 {(00:
13} 37. Re2 {(00:07} Ng4 {(00:26} 1/2-1/2

[Event "42nd Olympiad Baku 2016 Open"]
[Site "Baku"]
[Date "2016.09.08"]
[Round "6.34"]
[White "Mambe, Lobognon Anderson O"]
[Black "Balbalosa, Jeffrey"]
[Result "1-0"]
[ECO "C02"]
[WhiteElo "1880"]
[BlackElo "1768"]
[Annotator ""]
[PlyCount "65"]
[EventDate "2016.??.??"]
[EventCountry "AZE"]
[SourceTitle "playchess.com"]
[Source "ChessBase"]
[WhiteTeam "CIV"]
[BlackTeam "PLW"]
[TimeControl "40/5400+30:1800+30"]

1. e4 {(00:00} e6 {(00:00} 2. d4 {(00:00} d5 {(
00:00} 3. e5 {(00:14} c5 {(00:04} 4. c3 {(00:35} Nc6 {
(00:05} 5. f4 {(00:47} Qb6 {(02:24} 6. Nf3 {(00:
27} Bd7 {(00:16} 7. Be2 {(02:49} Rc8 {(02:07} 8. O-O {
(00:25} cxd4 {(00:47} 9. cxd4 {(01:00} Nge7 {(
00:12} 10. g4 {(01:39} h5 {(04:55} 11. h3 {(00:44}
hxg4 {(00:27} 12. hxg4 {(00:03} Ng6 {(02:43} 13. Kg2 {
(05:43} Nh4+ {(05:56} 14. Nxh4 {(00:11} Rxh4 {(
00:07} 15. Kg3 {(00:34} Rh8 {(00:06} 16. Nc3 {(14:45}
Nxd4 {(06:31} 17. Bd3 {(00:29} Nb5 {(04:02} 18. Ne2 {
(02:54} Bc6 {(08:18} 19. f5 {(00:50} Bd7 {(05:
38} 20. Nf4 {(01:44} exf5 {(08:48} 21. Nxd5 {(04:50}
Qd8 {(09:20} 22. g5 {(04:37} Nd4 23. Be3 {(07:43} Ne6 {
(17:36} 24. Rxf5 {(05:13} Nd4 {(01:23} 25. Bxd4 {
(18:35} Bxf5 {(04:51} 26. Bxf5 {(01:33} Qxg5+ 27. Qg4 {
(01:40} Qxg4+ {(01:29} 28. Bxg4 {(00:23} Rc6 {(
00:57} 29. Bxa7 {(01:49} g5 {(01:33} 30. Nf6+ {(01:34}
Rxf6 {(03:21} 31. exf6 {(00:18} Bd6+ {(00:01} 32. Kf3 {
(00:44} Be5 {(03:09} 33. Re1 1-0

[Event "42nd Olympiad Baku 2016 Open"]
[Site "Baku"]
[Date "2016.09.08"]
[Round "6.30"]
[White "Mandizha, Farai"]
[Black "Vandenbussche, Thibaut"]
[Result "1/2-1/2"]
[ECO "C10"]
[WhiteElo "2363"]
[BlackElo "2401"]
[Annotator ""]
[PlyCount "43"]
[EventDate "2016.??.??"]
[EventCountry "AZE"]
[SourceTitle "playchess.com"]
[Source "ChessBase"]
[WhiteTeam "Zimbabwe"]
[BlackTeam "Belgium"]
[WhiteTeamCountry "ZIM"]
[BlackTeamCountry "BEL"]
[TimeControl "40/5400+30:1800+30"]

1. e4 {(01:12} e6 {(00:19} 2. d4 {(00:06} d5 {(
00:05} 3. Nc3 {(00:08} dxe4 {(00:10} 4. Nxe4 {(00:08}
Bd7 {(00:04} 5. Nf3 {(01:56} Bc6 {(00:07} 6. Bd3 {
(00:48} Nd7 {(00:05} 7. Qe2 {(08:17} Ngf6 {(00:
30} 8. Neg5 {(07:44} Bb4+ {(00:15} 9. c3 {(00:12} Bd6
{(00:02} 10. Bd2 {(15:30} O-O {(04:43} 11. O-O-O {
(04:35} h6 {(08:55} 12. h4 {(05:12} Re8 {(10:38]
} 13. Be3 {(15:14} Qe7 {(22:45} 14. Rh3 {(03:22} e5 {
(10:00} 15. Bc4 {(03:25} Rf8 {(05:03} 16. Bb3 {(
05:38} e4 {(05:18} 17. Nd2 {(02:43} Nb6 {(00:11} 18.
c4 {(03:49} Bb4 {(00:57} 19. Rg3 {(05:06} Bd6 {(
04:24} 20. Rh3 {(00:02} Bb4 {(00:12} 21. Rg3 {(00:49}
Bd6 {(06:08} 22. Rh3 {(00:01} 1/2-1/2

[Event "42nd Olympiad Baku 2016 Open"]
[Site "Baku"]
[Date "2016.09.08"]
[Round "6.6"]
[White "Masrhi, Abdulrahman A"]
[Black "Gonzalez Acosta, Bernal"]
[Result "0-1"]
[ECO "A48"]
[WhiteElo "1900"]
[BlackElo "2481"]
[Annotator ""]
[PlyCount "57"]
[EventDate "2016.??.??"]
[EventCountry "AZE"]
[SourceTitle "playchess.com"]
[Source "ChessBase"]
[WhiteTeam "KSA"]
[BlackTeam "Costa Rica"]
[BlackTeamCountry "CRI"]
[TimeControl "40/5400+30:1800+30"]

1. d4 {(00:00} Nf6 {(00:00} 2. Nf3 {(00:00} g6 {
(00:00} 3. Bf4 {(00:14} Bg7 {(00:00} 4. e3 {(00:
35} d6 {(00:00} 5. h3 {(00:31} O-O {(00:00} 6. Be2 {
(00:16} c5 {(00:00} 7. c3 {(00:31} Qb6 {(00:04}
8. Qb3 {(04:18} Be6 {(01:04} 9. dxc5 {(08:28} Qxc5 {
(15:20} 10. Qxb7 {(04:49} Nbd7 {(00:08} 11. b4 {
(08:18} Qb6 {(10:01} 12. Qxb6 {(05:24} axb6 {(
00:04} 13. a4 {(02:11} Nd5 {(03:26} 14. Nd4 {(10:00}
Rfc8 {(10:13} 15. O-O {(11:33} Bxd4 {(05:10} 16. cxd4 {
(00:46} Nxb4 {(00:03} 17. Na3 {(02:02} Rxa4 {(
02:32} 18. Bb5 {(05:44} Ra7 {(01:49} 19. Rfb1 {(01:01}
Nd5 {(03:57} 20. Bh6 {(02:50} f5 {(11:03} 21. Bxd7 {
(08:17} Bxd7 {(00:18} 22. Nc2 {(00:46} Rxa1 {(
01:12} 23. Nxa1 {(00:23} b5 {(01:58} 24. Nb3 {(02:20}
b4 {(00:35} 25. Nc1 {(01:02} Ba4 {(01:35} 26. Nd3 {
(00:24} Bc2 {(01:47} 27. Nxb4 {(03:58} Bxb1 {(
00:11} 28. Nxd5 {(00:10} Kf7 {(00:06} 29. Bf4 {(00:40}
0-1

[Event "42nd Olympiad Baku 2016 Open"]
[Site "Baku"]
[Date "2016.09.08"]
[Round "6.15"]
[White "Mastrovasilis, Athanasios"]
[Black "Naiditsch, Arkadij"]
[Result "1-0"]
[ECO "E70"]
[WhiteElo "2555"]
[BlackElo "2696"]
[Annotator ""]
[PlyCount "77"]
[EventDate "2016.??.??"]
[EventCountry "AZE"]
[SourceTitle "playchess.com"]
[Source "ChessBase"]
[WhiteTeam "Greece"]
[BlackTeam "Azerbaijan"]
[WhiteTeamCountry "GRE"]
[BlackTeamCountry "AZE"]
[TimeControl "40/5400+30:1800+30"]

1. d4 {(00:00} Nf6 {(00:00} 2. c4 {(00:00} g6 {(
00:03} 3. Nc3 {(00:03} Bg7 {(00:08} 4. e4 {(00:41} d6
{(00:07} 5. Bd3 {(00:26} O-O {(00:44} 6. Nge2 {(
00:12} c5 {(00:11} 7. d5 {(00:29} e6 {(00:06} 8. Bg5 {
(00:21} h6 {(00:27} 9. Bh4 {(00:25} exd5 {(00:
11} 10. exd5 {(00:28} Nbd7 {(00:26} 11. f4 {(02:58} g5
{(02:17} 12. fxg5 {(05:12} Ng4 {(00:13} 13. Qd2 {
(01:13} Nde5 {(07:04} 14. Ne4 {(03:12} hxg5 {(
31:47} 15. Bxg5 {(02:50} f6 {(00:28} 16. Bf4 {(00:43}
f5 {(00:19} 17. N4g3 {(35:09} b5 {(08:28} 18. O-O {
(05:07} Nxd3 {(09:47} 19. Qxd3 {(06:18} bxc4 {(
00:07} 20. Qf3 {(04:58} Rb8 {(06:53} 21. Nh5 {(07:49}
Bh8 {(01:55} 22. h3 {(06:57} Rxb2 {(00:17} 23. Rae1 {
(07:50} Qh4 {(14:17} 24. Bxd6 {(00:12} Ne5 {(00:
45} 25. Qe3 {(06:55} Re8 {(10:44} 26. Qh6 {(00:47} Rb7
{(02:21} 27. Bxe5 {(01:17} Rxe5 {(00:18} 28. Qg6+ {
(00:31} Kf8 {(00:41} 29. Neg3 {(00:22} Rf7 {(00:
46} 30. Qh6+ {(00:27} Bg7 {(01:24} 31. Qc6 {(00:26}
Bb7 {(00:48} 32. Qd6+ {(01:02} Kg8 {(00:39} 33. Nxg7 {
(00:19} Rxe1 {(01:03} 34. Rxe1 {(00:01} Kxg7 {(
00:31} 35. Re8 {(00:26} Qd4+ {(00:35} 36. Kh2 {(00:32}
Qxd5 {(00:24} 37. Nh5+ {(00:40} Kh7 {(00:01} 38. Qg3 {
(00:20} c3 {(00:57} 39. Nf4 {(00:31} 1-0

[Event "42nd Olympiad Baku 2016 Open"]
[Site "Baku"]
[Date "2016.09.08"]
[Round "6.13"]
[White "Mastrovasilis, Dimitrios"]
[Black "Mamedyarov, Shakhriyar"]
[Result "1/2-1/2"]
[ECO "B11"]
[WhiteElo "2601"]
[BlackElo "2761"]
[Annotator ""]
[PlyCount "61"]
[EventDate "2016.??.??"]
[EventCountry "AZE"]
[SourceTitle "playchess.com"]
[Source "ChessBase"]
[WhiteTeam "Greece"]
[BlackTeam "Azerbaijan"]
[WhiteTeamCountry "GRE"]
[BlackTeamCountry "AZE"]
[TimeControl "40/5400+30:1800+30"]

1. e4 {(00:00} c6 {(00:00} 2. Nc3 {(00:00} d5 {(
00:00} 3. Nf3 {(00:01} Bg4 {(00:00} 4. h3 {(00:16}
Bxf3 {(00:00} 5. Qxf3 {(00:07} e6 {(00:20} 6. d4 {
(02:41} dxe4 {(00:20} 7. Qxe4 {(00:34} Nf6 {(00:
05} 8. Qd3 {(00:47} Nbd7 {(00:22} 9. Be2 {(07:00} g6 {
(13:56} 10. Ne4 {(12:04} Nxe4 {(01:15} 11. Qxe4 {
(00:08} Bg7 {(00:16} 12. O-O {(01:16} O-O {(00:
12} 13. Rd1 {(01:43} Re8 {(00:13} 14. Bf4 {(21:14} Qb6
{(03:49} 15. Rab1 {(01:39} Qa5 {(10:08} 16. a3 {
(02:02} Rad8 {(00:25} 17. c3 {(07:35} e5 {(06:
36} 18. dxe5 {(00:20} Bxe5 {(00:19} 19. Bxe5 {(01:29}
Rxe5 {(00:43} 20. Qf3 {(01:34} Kg7 {(01:44} 21. Rd6 {
(08:10} Re7 {(13:30} 22. Rbd1 {(03:24} Qg5 {(00:
40} 23. Qg4 {(08:24} Qe5 {(02:42} 24. Rxd7 {(04:49}
Rdxd7 {(00:35} 25. Rxd7 {(00:07} Rxd7 {(00:03} 26. Qxd7
{(00:09} Qxe2 {(00:02} 27. Qd4+ {(02:19} Kg8 {(
00:12} 28. Qd8+ {(00:05} Kg7 {(00:05} 29. Qd4+ {(00:05]
} Kg8 {(00:06} 30. Qd8+ {(00:06} Kg7 {(00:06} 31. Qd4+
{(00:05} 1/2-1/2

[Event "42nd Olympiad Baku 2016 Open"]
[Site "Baku"]
[Date "2016.09.08"]
[Round "6.28"]
[White "Mathews, Cesar"]
[Black "Becham, Khalid"]
[Result "0-1"]
[ECO "C54"]
[WhiteElo "2116"]
[BlackElo "2134"]
[Annotator ""]
[PlyCount "104"]
[EventDate "2016.??.??"]
[EventCountry "AZE"]
[SourceTitle "playchess.com"]
[Source "ChessBase"]
[WhiteTeam "Panama"]
[BlackTeam "Morocco"]
[WhiteTeamCountry "PAN"]
[BlackTeamCountry "MAR"]
[TimeControl "40/5400+30:1800+30"]

1. e4 {(00:00} e5 {(00:00} 2. Nf3 {(00:00} Nc6 {
(00:00} 3. Bc4 {(00:00} Bc5 {(00:04} 4. c3 {(00:
00} Nf6 {(00:17} 5. d4 {(00:04} exd4 {(00:44} 6. cxd4
{(00:11} Bb4+ {(00:34} 7. Nc3 {(00:10} Nxe4 {(
02:03} 8. O-O {(00:10} Bxc3 {(02:18} 9. d5 {(00:06}
Bf6 {(02:54} 10. Re1 {(00:17} Ne7 {(01:08} 11. Rxe4 {
(00:08} d6 {(00:19} 12. Bg5 {(00:18} Bxg5 {(00:
18} 13. Nxg5 {(00:06} h6 {(01:15} 14. Qh5 {(13:57} O-O
{(01:35} 15. Rae1 {(03:00} Ng6 {(06:34} 16. Nf3 {
(12:51} Qf6 {(01:33} 17. b3 {(06:54} Bf5 {(04:
38} 18. R4e3 {(09:05} Nf4 {(00:47} 19. Qh4 {(00:09} g5
{(00:01} 20. Nxg5 {(00:09} hxg5 {(00:03} 21. Rg3 {
(00:17} Ng6 {(05:01} 22. Qxg5 {(17:38} Qxg5 {(
01:52} 23. Rxg5 {(01:17} Bd7 {(00:16} 24. Re7 {(10:48}
Rad8 {(00:59} 25. h4 {(21:45} Rfe8 {(02:53} 26. Rxe8+ {
(01:26} Rxe8 {(00:01} 27. f4 {(00:01} Kf8 {(01:
24} 28. g3 {(01:18} Ne7 {(04:18} 29. Bd3 {(01:13} f6 {
(01:18} 30. Rh5 {(00:30} Bg4 {(01:05} 31. Rh8+ {
(00:26} Ng8 {(00:49} 32. Rh7 {(00:48} Re7 {(02:
12} 33. Rxe7 {(00:45} Nxe7 {(00:01} 34. Be4 {(00:32}
c6 {(01:05} 35. dxc6 {(00:11} bxc6 {(00:01} 36. Kf2 {
(00:14} d5 {(00:18} 37. Bd3 {(00:31} a5 {(02:32]
} 38. a3 {(00:50} Bd1 {(00:39} 39. b4 {(00:17} axb4 {
(00:02} 40. axb4 {(00:00} Bg4 {(00:00} 41. Ba6 {
(06:56} Ke8 {(06:53} 42. Bb7 {(20:09} Kd7 {(00:
28} 43. Ba6 {(01:33} Kd6 {(02:04} 44. Bf1 {(01:09} d4
{(00:40} 45. b5 {(01:04} c5 {(01:03} 46. Bc4 {(
01:30} Nd5 {(02:48} 47. Bd3 {(01:07} f5 {(02:41} 48.
h5 {(00:33} Bxh5 {(00:45} 49. Bxf5 {(00:05} Ne3 {
(00:12} 50. Be4 {(01:07} c4 {(01:19} 51. b6 {(
00:14} c3 {(01:42} 52. Ke1 {(00:37} Bg4 {(00:56} 0-1

[Event "42nd Olympiad Baku 2016 Open"]
[Site "Baku"]
[Date "2016.09.08"]
[Round "6.20"]
[White "Matsebula Qiniso"]
[Black "Jallow, Amadou"]
[Result "0-1"]
[ECO "C55"]
[WhiteElo "1301"]
[BlackElo "2011"]
[Annotator ""]
[PlyCount "103"]
[EventDate "2016.??.??"]
[EventCountry "AZE"]
[SourceTitle "playchess.com"]
[Source "ChessBase"]
[WhiteTeam "SWZ"]
[BlackTeam "GAM"]
[BlackTeamCountry "GAM"]
[TimeControl "40/5400+30:1800+30"]

1. e4 {(00:00} e5 {(00:00} 2. Bc4 {(00:07} Nf6 {
(00:08} 3. Nf3 {(00:56} Nc6 {(00:55} 4. d4 {(01:
41} exd4 {(01:16} 5. Nxd4 {(08:30} Ne5 {(00:50} 6. Bb3
{(02:14} Bc5 {(00:12} 7. Bg5 {(01:11} O-O {(01:
05} 8. Nc3 {(01:31} c6 {(00:57} 9. f4 {(01:50} Ng6 {
(01:15} 10. e5 {(02:27} Re8 {(00:37} 11. Qd2 {(
05:43} Qb6 {(02:34} 12. O-O-O {(02:18} Ng4 {(02:23}
13. Na4 {(00:58} Qb4 {(01:46} 14. c3 {(07:35} Bxd4 {
(00:09} 15. Qxd4 {(01:41} Qxd4 {(04:03} 16. Rxd4 {
(00:13} h6 {(02:43} 17. f5 {(00:19} N6xe5 {(00:
43} 18. h3 {(01:23} c5 {(02:58} 19. Nxc5 {(03:47} Nf2
{(00:26} 20. Rf1 {(00:46} b6 {(00:10} 21. Na4 {(
13:25} Nfd3+ 22. Kb1 hxg5 {(03:21} 23. Bc2 {(03:02} Ba6 {
(01:27} 24. Rd1 {(01:27} Nc5 {(03:58} 25. b4 {(
02:28} Nxa4 {(00:34} 26. Bxa4 {(00:15} b5 {(00:51} 27.
Rd6 {(01:08} bxa4 {(02:33} 28. Rxa6 {(00:28} a3 {
(00:45} 29. Rxa3 {(02:03} a5 {(00:43} 30. Rd5 {(
04:08} Nc4 {(00:24} 31. Rb3 {(01:41} Re1+ {(00:10} 32.
Kc2 {(00:49} a4 {(01:54} 33. Rb1 {(03:08} Na3+ 34. Kd2
Rxb1 {(01:36} 35. Rxd7 {(01:10} Rb2+ {(00:32} 36. Ke3 {
(00:31} Rxg2 {(00:37} 37. b5 {(01:54} Rg3+ {(00:
44} 38. Ke4 {(01:07} Rxc3 {(00:09} 39. b6 {(00:25} Rc6
{(01:07} 40. b7 {(00:19} Rb8 {(00:10} 41. Kd5 {(
30:20} Rb6 {(30:09} 42. f6 {(00:00} gxf6 {(00:00} 43.
h4 {(00:00} gxh4 {(00:00} 44. Rc7 {(00:00} R6xb7 45.
Rxb7 Rxb7 {(00:00} 46. Kc6 {(00:00} Rb2 {(00:00} 47.
Kd6 {(00:00} Rxa2 {(00:00} 48. Ke7 {(00:00} Nc2 49.
Kxf6 Rb2 50. Kg5 h3 {(00:00} 51. Kf6 {(00:00} h2 {(00:
00} 52. Kg5 {(00:00} 0-1

[Event "42nd Olympiad Baku 2016 Open"]
[Site "Baku"]
[Date "2016.09.08"]
[Round "6.20"]
[White "Mcfarland, Malcolm"]
[Black "Medina Viana, Ricardo"]
[Result "0-1"]
[ECO "A46"]
[WhiteElo "1764"]
[BlackElo "2016"]
[Annotator ""]
[PlyCount "94"]
[EventDate "2016.??.??"]
[EventCountry "AZE"]
[SourceTitle "playchess.com"]
[Source "ChessBase"]
[WhiteTeam "GUM"]
[BlackTeam "Honduras"]
[BlackTeamCountry "HON"]
[TimeControl "40/5400+30:1800+30"]

1. d4 {(00:00} Nf6 {(00:00} 2. Nf3 {(00:00} d6 {
(00:36} 3. Bf4 {(00:16} b6 {(01:29} 4. e3 {(00:
09} Bb7 {(00:13} 5. Bd3 {(00:14} g6 {(01:55} 6. Nbd2 {
(00:11} Bg7 {(00:06} 7. c3 {(01:03} O-O {(00:15]
} 8. Qc2 {(00:28} Nbd7 {(01:06} 9. O-O {(00:44} c5 {
(01:09} 10. Rac1 {(02:58} Re8 {(02:31} 11. Rfd1 {
(05:10} Qc8 {(11:29} 12. Bg5 Qc6 {(06:44} 13. e4 {
(12:04} cxd4 {(02:13} 14. cxd4 {(01:42} Qxc2 {(
01:18} 15. Rxc2 {(00:27} Rac8 {(05:59} 16. Rdc1 {(00:
43} h6 {(02:23} 17. Be3 {(03:38} Ng4 {(01:46} 18. Nf1
{(02:46} Nxe3 {(01:43} 19. Nxe3 {(00:21} Nf6 {(
04:11} 20. Nd2 {(01:16} Nh5 {(01:13} 21. Bb5 {(10:44}
Red8 {(01:20} 22. d5 {(01:36} Bxb2 {(01:04} 23. Rxc8 {
(03:05} Rxc8 {(00:25} 24. Rxc8+ {(00:04} Bxc8 {(
00:07} 25. Nc2 {(02:17} a6 {(02:40} 26. Bc6 {(02:29}
b5 {(00:44} 27. Nb3 {(01:02} Bc3 {(03:49} 28. Ba8 {
(05:34} Nf4 {(05:14} 29. Kf1 {(03:36} Nd3 {(01:
57} 30. Ke2 {(02:10} Nf4+ {(03:00} 31. Kf3 {(00:29}
Nd3 {(03:23} 32. Ke2 {(00:19} Nc5 {(00:11} 33. f3 {
(01:52} f5 {(02:52} 34. Ke3 {(00:49} fxe4 {(00:
15} 35. fxe4 {(00:18} Nxe4 {(03:19} 36. Ncd4 {(02:29}
Nc5 {(01:25} 37. Nc6 {(02:08} Kf7 {(00:38} 38. Nxc5 {
(01:05} dxc5 {(00:21} 39. Kd3 {(01:24} Bb2 {(01:
27} 40. Kc2 {(00:00} Bf6 {(00:00} 41. Nd8+ {(01:29}
Ke8 {(03:17} 42. Nb7 {(00:54} Bd4 {(00:42} 43. Na5 {
(00:08} Kd7 {(01:45} 44. Bc6+ {(00:16} Kd6 {(00:
23} 45. Nb7+ {(01:21} Kc7 {(01:35} 46. Na5 {(00:09} c4
{(00:58} 47. Be8 {(00:24} Bf5+ {(01:07} 0-1